 Dungeon Crawl Stone Soup version 0.27-a0-1528-g90fbb72469 (webtiles) character file.

Game seed: 14596735177460475985

116 ohados the Chopper (level 5, -2/45 HPs)
             Began as a Hill Orc Fighter on July 11, 2021.
             Slain by Terence (7 damage)
             ... on level 1 of the Dungeon.
             The game lasted 00:03:22 (2493 turns).

ohados the Chopper (Hill Orc Fighter)               Turns: 2493, Time: 00:03:23

Health: -2/45      AC:  8    Str: 20    XL:     5   Next: 1%
Magic:  5/5        EV:  7    Int:  8    God:
Gold:   97         SH:  9    Dex: 10    Spells: 4/4 levels left

rFire    . . .     SeeInvis .   a - +0 war axe
rCold    . . .     Faith    .   c - +0 kite shield
rNeg     . . .     Spirit   .   b - +0 scale mail
rPois    .         Reflect  .   f - +0 helmet
rElec    .         Harm     .   (no cloak)
rCorr    .         Rampage  .   (no gloves)
Will     .....                  (no boots)
Stlth    ..........             (no amulet)
HPRegen  0.15/turn              (no ring)
MPRegen  0.09/turn              (no ring)

@: no status effects
A: no striking features
a: no special abilities


You were on level 1 of the Dungeon.
You visited 1 branch of the dungeon, and saw 2 of its levels.

You collected 97 gold pieces.

Inventory:

Hand Weapons
 a - a +0 war axe (weapon)
Missiles
 l - 4 javelins (quivered)
 n - 16 poisoned darts
Armour
 b - a +0 scale mail (worn)
 c - a +0 kite shield (worn)
 f - a +0 helmet (worn)
Jewellery
 h - an amulet of faith
Wands
 k - a wand of polymorph (5)
Scrolls
 e - a scroll of blinking {unknown}
 i - a scroll of magic mapping {unknown}
 m - a scroll of amnesia {unknown}
Potions
 d - a potion of might
 g - a potion of lignification {unknown}
 j - a potion of mutation {unknown}


   Skills:
 - Level 3.6 Fighting
 + Level 6.6 Axes
 - Level 3.2 Armour
 - Level 3.2 Shields


You had 4 spell levels left.
You didn't know any spells.
Your spell library contained the following spells:

 Spells                   Type           Power      Damage    Failure   Level
 Slow                     Hex            0%         N/A       100%        2
 Confusing Touch          Hex            0%         N/A       100%        3
 Ignite Poison            Fire/Tmut/Pois 0%         N/A       100%        3
 Mephitic Cloud           Conj/Pois/Air  0%         N/A       100%        3
 Vampiric Draining        Necr           0%         2d6       100%        3
 Bolt of Magma            Conj/Fire/Erth 0%         4d4       100%        5


Dungeon Overview and Level Annotations

Branches:
Dungeon (2/15)

Altars:

Annotations:
D:1 Terence


Message History

n - 16 poisoned darts Terence the Incautious comes into view.
He is wielding a +0 flail.
Terence hits you with a +0 flail.
You closely miss Terence. You block Terence's attack.
You hit Terence but do no damage. Terence barely misses you.
Terence hits you with a +0 flail!
You closely miss Terence. Terence hits you with a +0 flail.
You hit Terence but do no damage.
Terence shouts, "Get ready for death!"
You block Terence's attack.
You barely miss Terence. You block Terence's attack.
Terence hits you with a +0 flail!
You are too injured to fight recklessly!
You are too injured to fight recklessly!
You are too injured to fight recklessly!
You are too injured to fight recklessly!
You are too injured to fight recklessly!
You are too injured to fight recklessly!
You are too injured to fight recklessly!
You are too injured to fight recklessly!
You are too injured to fight recklessly!
You are too injured to fight recklessly!
You are too injured to fight recklessly!
You are too injured to fight recklessly!
You are too injured to fight recklessly!
You are too injured to fight recklessly!
There is a stone staircase leading up here.
Terence hits you with a +0 flail.
You climb upwards.
There is a stone staircase leading down here.
You barely miss Terence. Terence hits you with a +0 flail!
* * * LOW HITPOINT WARNING * * *
You hit Terence.
Terence is lightly wounded.
Terence hits you with a +0 flail.
* * * LOW HITPOINT WARNING * * *
You hit Terence.
Terence is moderately wounded.
Terence hits you with a +0 flail!
You die...

### #.. ########### #.#
#.........## #.#
#..........###############.#
#...........................
#..........@@......####.....
#.....).....###......#######
#.##'#####..# #......# #
#.##.# #..# #......# #
#.##(# #..# #......# ###
#.##.#####..# #......#####..
#.##........# #.........##.#
#.#########.# #.............
######.#########.#
#..........#.#


You could see Terence.

Vanquished Creatures
  Robin (D:2)
  4 adders (D:2)
  A worm (D:2)
  6 ball pythons
  An endoplasm (D:2)
  4 giant cockroaches
  10 goblins
  8 hobgoblins (D:2)
  9 jackals (D:1)
  2 quokkas (D:1)
  3 bats
  2 frilled lizards (D:2)
  7 kobolds
  5 rats
63 creatures vanquished.

Notes
Turn   | Place    | Note
-------+----------+-------------------------------------------
     0 | D:1      | ohados the Hill Orc Fighter began the quest for the Orb.
     0 | D:1      | Reached XP level 1. HP: 19/19 MP: 1/1
    45 | D:1      | Reached skill level 3 in Axes
   221 | D:1      | Reached XP level 2. HP: 26/26 MP: 2/2
   288 | D:1      | Reached skill level 4 in Axes
   624 | D:1      | Found a faded altar of an unknown god.
   808 | D:1      | Reached XP level 3. HP: 31/31 MP: 3/3
  1294 | D:2      | Reached skill level 5 in Axes
  1309 | D:2      | Noticed Robin
  1345 | D:2      | Killed Robin
  1346 | D:2      | Reached XP level 4. HP: 19/39 MP: 4/4
  1974 | D:2      | Reached skill level 6 in Axes
  2445 | D:2      | Reached XP level 5. HP: 45/45 MP: 5/5
  2480 | D:2      | Noticed Terence
  2493 | D:1      | Slain by Terence

Illustrated notes

Levels and vault maps discovered:
D:1:      matt_arrival_spirals, layout_basic,
          hellmonk_ecumenical_altar_pennies_from_heaven,
          corexii_leaking_fountain
D:2:      minmay_razor_zed, layout_loops_corners, serial_glass, glass_columns_a,
          glass_columns_b, uniq_terence, uniq_robin

Skill      XL: |  1  2  3  4 |
---------------+-------------+-----
Axes           | 3 4 5 6 |  6.6
Fighting       | |  3.6
Armour         | |  3.2
Shields        | |  3.2

Action                   |  1- 3 |  4- 6 || total
-------------------------+-------+-------++-------
Melee: War axe           |   133 |    81 ||   214
Armor: Scale mail        |    66 |    32 ||    98
Dodge: Dodged            |    46 |    32 ||    78
Block: Kite shield       |    72 |    41 ||   113

Table legend: (Time is in decaauts)
 A = Elapsed time spent in this place.
 B = Non-inter-level travel time spent in this place.
 C = Inter-level travel time spent in this place.
 D = Time resting spent in this place.
 E = Time spent auto-exploring this place.
 F = Levels seen in this place.
 G = Mean time per level.
                   A        B        C        D        E       F      G
               +--------+--------+--------+--------+--------+-----+--------+
         Total |   2596 |   2517 |     79 |      0 |   2062 |   2 | 1298.0 |
       Dungeon |   2596 |   2517 |     79 |      0 |   2062 |   2 | 1298.0 |
               +--------+--------+--------+--------+--------+-----+--------+

Top non-repeatable levels by time:
     D:2: 1487 daAuts
     D:1: 1108 daAuts
